 Dungeon Crawl Stone Soup version 0.18-a0-822-gb52b7b4 (webtiles) character file.

171 root the Skirmisher (level 5, 0/47 HPs)
             Began as a Hill Orc Abyssal Knight on Dec 16, 2015.
             Was a Believer of Lugonu.
             Slain by an orc
             ... wielding a cursed -2 trident
              (5 damage)
             ... on level 4 of the Dungeon.
             The game lasted 00:15:19 (3506 turns).

root the Skirmisher (Hill Orc Abyssal Knight)       Turns: 3506, Time: 00:15:20

Health: 0/47       AC:  9    Str: 16    XL:     5   Next: 51%
Magic:  7/7        EV:  7    Int: 12    God:    Lugonu [**....]
Gold:   168        SH:  0    Dex: 10    Spells: 0 memorised, 4 levels left

rFire  . . .     SeeInvis .     a - +1 hand axe
rCold  . . .     Gourm    .     l - +0 chain mail
rNeg   . . .     Faith    .     (no shield)
rPois  .         Spirit   .     (no helmet)
rElec  .         Dismiss  .     (no cloak)
rCorr  .         Reflect  .     (no gloves)
SustAt .         Harm     .     (no boots)
MR     .....                    (no amulet)
Stlth  ..........               (no ring)
                                (no ring)

@: not resistant to hostile enchantments, extremely unstealthy
A: no striking features
a: Depart the Abyss, Bend Space, Renounce Religion, Convert to Beogh


You were on level 4 of the Dungeon.
You worshipped Lugonu.
Lugonu was pleased with you.
You were not hungry.

You visited 1 branch of the dungeon, and saw 4 of its levels.
You visited the Abyss 1 time.

You collected 168 gold pieces.

Inventory:

Hand Weapons
 a - a +1 hand axe (weapon)
Missiles
 b - 36 poisoned needles
 j - 2 needles of confusion
Armour
 l - a +0 chain mail (worn)
Magical Staves
 f - an uncursed staff of cold
Scrolls
 e - 2 scrolls of identify
 k - a scroll of amnesia
 m - a scroll of teleportation
 t - a scroll of magic mapping {unknown}
 u - a scroll of random uselessness {unknown}
Potions
 h - a potion of flight
 o - 3 potions of curing
 q - a potion of lignification {unknown}
 v - a potion of brilliance {unknown}
Comestibles
 c - 2 bread rations
 d - 3 meat rations
 g - a slice of pizza
 i - 7 chunks of flesh
 n - 4 fruits


   Skills:
 + Level 4.7 Fighting
 + Level 4.0 Axes
 + Level 4.0 Armour
 + Level 1.6 Dodging
 + Level 3.0 Invocations


You had 4 spell levels left.
You didn't know any spells.

Dungeon Overview and Level Annotations

Branches:
Dungeon (4/15)
 Temple: D:4-7

Altars:
Cheibriados
Dithmenos
Makhleb
The Shining One


Message History

The orc priest is almost dead.
You hit the orc but do no damage.
The orc is severely wounded.
The orc hits you with a hand axe.
The orc priest looks braver for a moment.
The orc priest invokes the aid of Beogh against you.
Pain shoots through your body!
* * * LOW HITPOINT WARNING * * *
The orc barely misses you.
You hit the orc priest but do no damage.
The orc priest is almost dead.
You hit the orc.
You kill the orc!
Lugonu accepts your kill.
The orc priest shouts, "Beogh is our master!
Accept the truth or die!"
The orc priest calls down the wrath of Beogh upon you.
Pain shoots through your body!
* * * LOW HITPOINT WARNING * * *
The orc hits you from afar with a trident.
You die...

##### #...# ..# ##..##
#..# ...... ##..##
#.... ......
##..########.....
.....##
##.............#.
#....#
#................ #...#
#................
#...###...oo@..<.......
#...#.....).######....
#...........# .#.
#...........#
###...........#
#........##...#
#...........####...#
...........## ##....
............# #...


You could see an orc priest and an orc.

Vanquished Creatures
  An orc priest (D:3)
  A hound (D:2)
  2 adders
  A gnoll (D:4)
  3 worms
  5 giant geckos
  5 orcs
  2 ball pythons (D:3)
  3 giant cockroaches (D:2)
  6 hobgoblins
  6 jackals
  4 kobolds
  7 bats
  4 giant newts
  9 goblins
  2 quokkas
  7 rats
68 creatures vanquished.

Notes
Turn   | Place    | Note
--------------------------------------------------------------
     0 | Abyss:1  | root the Hill Orc Abyssal Knight began the quest for the Orb.
     0 | Abyss:1  | Reached XP level 1. HP: 19/19 MP: 2/2
    51 | Abyss:1  | Noticed a small abomination
    57 | Abyss:1  | Noticed a tentacled starspawn
    69 | D:1      | Escaped the Abyss
   509 | D:1      | Reached XP level 2. HP: 20/27 MP: 4/4
   873 | D:1      | Reached * piety under Lugonu
  1504 | D:2      | Reached XP level 3. HP: 33/33 MP: 5/5
  1514 | D:2      | Reached skill level 1 in Dodging
  1553 | D:2      | Found a burning altar of Makhleb.
  1570 | D:2      | Reached skill level 4 in Fighting
  1739 | D:2      | Reached XP level 4. HP: 40/40 MP: 6/6
  2001 | D:2      | Found a glowing golden altar of the Shining One.
  2228 | D:3      | Found a snail-covered altar of Cheibriados.
  2249 | D:3      | Noticed an orc warrior
  2260 | D:3      | HP: 2/41 [orc warrior/hand axe (12)]
  2313 | D:2      | Found a shadowy altar of Dithmenos.
  2562 | D:3      | Reached XP level 5. HP: 18/47 MP: 7/7
  2828 | D:3      | Reached ** piety under Lugonu
  3506 | D:4      | Slain by an orc

Vault maps used:
D:1:      dpeg_arrival_water_fire
D:2:      lemuel_coloured_pillars_altar, makhleb_heckhound_becter,
          nicolae_overflow_hidden_temple, first_bread, st_stairs_9,
          grunt_ministairs_4
D:3:      cheibriados_altar_1
D:4:      temple_hall_moat, uniq_pikel

Action                   |  1- 3 |  4- 6 || total
-------------------------+-------+-------++-------
Melee: Hand axe          |    98 |   193 ||   291
Invok: Depart the Abyss  |     1 |       ||     1
  Use: Potion            |       |     4 ||     4
       Scroll            |       |     7 ||     7
  Eat: Chunk             |     3 |     6 ||     9
